 Dungeon Crawl Stone Soup version bcrawl-1.40.3b (webtiles) character file.

Game seed: 7597094819674895327

148215 Amelense the Cudgeler (level 3, -5/40 HPs)
             Began as an Ent Fighter on Feb 9, 2024.
             Killed from afar by Sigmund (7 damage)
             ... with a puff of flame
             ... on level 2 of the Dungeon.
             The game lasted 00:04:13 (1050 turns).

Amelense the Cudgeler (Ent Fighter)                 Turns: 1050, Time: 00:04:14

Health: -5/40      AC: 11    Str: 24    XL:     3   Next: 73%
Magic:  3/3        EV:  7    Int:  8    God:
Gold:   89         SH:  8    Dex:  9    Spells: 2/2 levels left

rFire    . . .     GDR:     30% a - +0 flail
rCold    . . .     SeeInvis +   b - +0 medium shield
rNeg     + + +     Gourm    .   (armour unavailable)
rPois    +         Faith    .   (helmet restricted)
rElec    .         Spirit   .   i - +0 cloak
rCorr    .         Reflect  .   (gloves unavailable)
MR       .....                  (boots unavailable)
Stlth    +.........             (no amulet)
HPRegen  0.16/turn              p - ring of see invisible
MPRegen  0.08/turn              (no ring)

@: very slow
A: large, slow actions, passwall, strong branches, negative energy resistance 3,
poison resistance, slow metabolism 1, torment resistance, unbreathing, AC +10
a: Passwall


You were on level 2 of the Dungeon.
You were not hungry.

You visited 1 branch of the dungeon, and saw 2 of its levels.

You collected 89 gold pieces.

Inventory:

Hand Weapons
 a - a +0 flail (weapon)
Armour
 b - a +0 medium shield (worn)
 i - a +0 cloak (worn)
Jewellery
 p - a ring of see invisible (left hand)
Scrolls
 d - a scroll of enchant weapon {unknown}
 g - a scroll of enchant armour {unknown}
 j - 3 scrolls of teleportation {unknown}
 l - 3 scrolls of remove curse
 m - a scroll of blinking {unknown}
Potions
 c - a potion of might
 h - a potion of invisibility {unknown}
 k - a potion of brilliance {unknown}
 n - 2 potions of agility
 o - a potion of degeneration {unknown}
Comestibles
 e - 6 rations {!d}
 f - 3 chunks of flesh


   Skills:
 - Level 3.2 Fighting
 * Level 5.0 Maces & Flails
 - Level 2.6 Dodging
 + Level 0.3 Stealth
 - Level 2.4 Shields


You had 2 spell levels left.
You didn't know any spells.
Your spell library was empty.

Dungeon Overview and Level Annotations

Branches:
Dungeon (2/12)

Altars:

Annotations:
D:2 Sigmund


Innate Abilities, Weirdness & Mutations

You move and act slowly.
You can pass through walls and trees.
Your branches can wield two-handed weapons with a shield.
Your thick bark is tough. (AC +10)
You are too large for most types of armour.
You are immune to negative energy. (rN+++)
Your system is resistant to poisons. (rPois)
You have a slow metabolism.
You are immune to unholy pain and torment.
You can survive without breathing.


Message History

Sigmund hits you from afar with a +0 scythe.
* * * LOW HITPOINT WARNING * * *
Sigmund screams, "I am the angel of ZOT!!!"
Sigmund casts a spell.
Sigmund flickers and vanishes for a moment.
You feel less confused. Sigmund barely misses you.
You barely miss Sigmund.
Sigmund is heavily wounded.
Sigmund giggles. "Time to reap what you sow."
You block Sigmund's attack.
You hit Sigmund.
Sigmund is heavily wounded.
Sigmund hits you with a +0 scythe!
* * * LOW HITPOINT WARNING * * *
You closely miss Sigmund.
Sigmund is heavily wounded.
Sigmund casts a spell at you. The puff of flame hits you!
You die...

###########
###..........
#............
#............
#..@@........
#............
#............
#.....#######
#.....#
#.....#
#.....#
#.....#
#.....#


You could see Sigmund (invisible).

Vanquished Creatures
  An ooze (D:1)
  A worm (D:2)
  2 dart slugs (D:1)
  A leopard gecko (D:2)
  An orc (D:2)
  A giant cockroach (D:2)
  4 goblins
  4 hobgoblins (D:1)
  4 jackals (D:1)
  A ball python (D:1)
  10 bats
  6 kobolds (D:1)
  7 rats
43 creatures vanquished.

Notes
Turn   | Place    | Note
-------+----------+-------------------------------------------
     0 | D:1      | Amelense the Ent Fighter began the quest for the Orb.
     0 | D:1      | Reached XP level 1. HP: 25/25 MP: 1/1
    81 | D:1      | Reached skill level 3 in Maces & Flails
    87 | D:1      | Reached XP level 2. HP: 22/33 MP: 2/2
   227 | D:1      | Reached skill level 4 in Maces & Flails
   384 | D:1      | Reached XP level 3. HP: 40/40 MP: 3/3
  1025 | D:2      | Reached skill level 5 in Maces & Flails
  1029 | D:2      | Noticed Sigmund
  1049 | D:2      | HP: 2/40 [Sigmund/+0 scythe (7)]
  1050 | D:2      | Killed from afar by Sigmund

Skill      XL: |  1  2  3 |
---------------+----------+-----
Maces & Flails | 3 4 5 |  5.0
Fighting       | |  3.2
Dodging        | |  2.6
Stealth        | |  0.3
Shields        | |  2.4

Action                   || total
-------------------------++-------
Melee: Flail             ||   123
  Use: Scroll            ||     2
  Eat: Chunk             ||     4
Armor: Skin              ||   120
Dodge: Dodged            ||    76
Block: Medium shield     ||    94
